 Dungeon Crawl Stone Soup version 0.30-a0-694-g3340775977 (webtiles) character file.

Game seed: 6773892695950887060

1403 M4edhros the Sneak (level 8, 0/52 HPs)
             Began as an Octopode Artificer on Jan 20, 2023.
             Slain by a necrophage (3 damage)
             ... on level 6 of the Dungeon.
             The game lasted 00:07:10 (5267 turns).

M4edhros the Sneak (Octopode Artificer)             Turns: 5267, Time: 00:07:10

Health: 0/52       AC:  1    Str: 11    XL:     8   Next: 69%
Magic:  8/8        EV: 14    Int: 13    God:
Gold:   383        SH:  0    Dex: 15    Spells: 0/7 levels left

rFire   . . .      SeeInvis .    s - +2 trident (protect)
rCold   . . .      Faith    .    (no shield)
rNeg    . . .      Spirit   .    (helmet restricted)
rPois   .          Reflect  .    (no amulet)
rElec   .          Harm     .    (no ring)
rCorr   .          Rampage  .    (no ring)
Will    .....                    (no ring)
Stlth   ++++                     (no ring)
HPRegen 0.28/turn                (no ring)
MPRegen 0.11/turn                (no ring)
                                 (no ring)
                                 (no ring)

@: invisible (expiring)
A: almost no armour, amphibious, 8 rings, camouflage 1, gelatinous body 1,
(nimble swimmer 1), tentacles
a: no special abilities


You were on level 6 of the Dungeon.
You visited 2 branches of the dungeon, and saw 8 of its levels.

You collected 383 gold pieces.

Inventory:

Hand Weapons
 j - a +0 dagger of protection
 s - a +2 trident of protection (weapon)
Missiles
 a - 2 boomerangs
 m - 10 javelins
 t - 2 throwing nets
 y - 5 curare-tipped darts
 B - 6 poisoned darts
Jewellery
 u - a ring of flight
Wands
 b - a wand of flame (10) (quivered)
 c - a wand of charming (7)
 d - a wand of iceblast (2)
 q - a wand of polymorph (7)
 C - a wand of digging (5)
 D - a wand of acid (7)
Scrolls
 f - 5 scrolls of magic mapping {unknown}
 g - a scroll of brand weapon {unknown}
 h - 3 scrolls of identify {unknown}
 i - a scroll of noise {unknown}
 k - 2 scrolls of immolation {unknown}
 l - 2 scrolls of teleportation {unknown}
 n - a scroll of vulnerability {unknown}
 r - a scroll of torment {unknown}
 w - 2 scrolls of butterflies {unknown}
 x - a scroll of enchant armour {unknown}
 z - a scroll of enchant weapon {unknown}
Potions
 e - a potion of flight {unknown}
 o - 2 potions of might
 p - a potion of ambrosia {unknown}
 v - 2 potions of lignification {unknown}
 A - a potion of invisibility


   Skills:
 - Level 3.5 Fighting
 - Level 3.0 Short Blades
 * Level 4.3 Polearms
 - Level 4.1 Dodging
 - Level 6.2 Stealth
 - Level 3.1 Unarmed Combat
 + Level 2.9 Poison Magic
 - Level 5.0 Evocations


You couldn't memorise any spells.
You knew the following spells:

 Your Spells              Type           Power      Damage    Failure   Level
a - Mephitic Cloud        Conj/Pois/Air  2%         N/A       54%         3
b - Olgreb's Toxic Radia  Pois           7%         N/A       67%         4

Your spell library contained the following spells:

 Spells                   Type           Power      Damage    Failure   Level
 Sting                    Tmut/Pois      12%        1d3       17%         1
 Poisonous Vapours        Pois/Air       6%         N/A       26%         2
 Shock                    Conj/Air       0%         1d3       30%         1
 Cigotuvi's Dreadful Rot  Necr/Pois/Air  4%         N/A       32%         2
 Lesser Beckoning         Tloc           0%         N/A       43%         2
 Scorch                   Fire           0%         2d5       43%         2
 Call Canine Familiar     Summ           0%         N/A       67%         3
 Gell's Gravitas          Tloc           0%         N/A       67%         3
 Portal Projectile        Hex/Tloc       0%         N/A       67%         3
 Summon Guardian Golem    Hex/Summ       0%         N/A       67%         3
 Swiftness                Air            0%         N/A       67%         3
 Teleport Other           Tloc           0%         N/A       67%         3
 Airstrike                Air            0%         2d(0-16)  97%         4
 Flame Wave               Conj/Fire      0%         2d4       97%         4
 Leda's Liquefaction      Hex/Erth       0%         N/A       97%         4
 Summon Cactus Giant      Summ           0%         N/A       100%        6
 Orb of Destruction       Conj           0%         9d5       100%        7
 Spellforged Servitor     Conj/Summ      0%         N/A       100%        7


Dungeon Overview and Level Annotations

Branches:
Dungeon (7/15)             Temple (1/1) D:4

Altars:
Dithmenos
Fedhas
Gozag
Hepliaklqana
Kikubaaqudgha
Nemelex Xobeh
Ru
Sif Muna
Trog
Uskayaw
Xom
The Shining One


Innate Abilities, Weirdness & Mutations

You cannot wear most types of armour.
You are amphibious.
You can wear up to eight rings at the same time.
Your skin changes colour to match your surroundings (Stealth+).
Your rubbery body absorbs attacks. (AC +1, EV +1)
((You are camouflaged when in or above water. (Stealth+)))
You have tentacles for arms and can constrict up to eight enemies at once.


Message History

The kobold brigand barely misses you.
You barely miss the gnoll. Your grab misses the gnoll.
You constrict the necrophage. You constrict the kobold brigand.
The necrophage barely misses you. The gnoll barely misses you.
The kobold brigand misses you.
Okay, then.
You closely miss the gnoll. You grab the gnoll. You squeeze the gnoll.
The gnoll is moderately wounded.
You constrict the necrophage. You constrict the kobold brigand.
You kill the kobold brigand!
You constrict the gnoll. The gnoll hits you but does no damage.
The necrophage hits you!
* * * LOW HITPOINT WARNING * * *
Your life force feels restored.
Unknown command.
Okay, then.
You fade into invisibility!
You constrict the necrophage. You constrict the gnoll.
The gnoll hits you with a +0 club.
* * * LOW HITPOINT WARNING * * *
The necrophage closely misses you.
You release your grip on the necrophage.
You release your grip on the gnoll.
You flicker for a moment.
Aiming: Charm
Press: ? - help, Shift-Dir - straight line, f - necrophage
Aim: a necrophage (moderately damaged, wandering, unable to see you, hasn't noticed you, chance to affect: 44%)
Okay, then.
Aiming: Corrosive Bolt
Press: ? - help, Shift-Dir - straight line, f - necrophage
Aim: a necrophage (moderately damaged, wandering, unable to see you, hasn't noticed you, 74% to hit)
The bolt of acid hits the necrophage!
The acid corrodes the necrophage!
The necrophage is severely damaged.
The necrophage hits you.
* * * LOW HITPOINT WARNING * * *
Aiming: Corrosive Bolt
Press: ? - help, Shift-Dir - straight line, f/p - necrophage
Aim: a necrophage (severely damaged, unable to see you, covered in acid, 74% to hit)
The bolt of acid misses the necrophage.
The necrophage hits you.
You die...

###.## ######
#....######....##
#....#..#.......##
###...............#
#.#...............# ##
##.#...............####.
#...#.............##....
#.....n.........###.....
######.###@...##...........
##..#⌠#.#⌠#.....>....#......
###...#.....#.....).........##
#.....#.._..#.......÷[.......#
#.....#.....#....#.........###
#.....#######..........##<.###
##..#.#....##..........#...#..
#.........###....##...###....#
#
#........###........#.........


You could see a necrophage (unable to see you, corroded).

Vanquished Creatures
  Sigmund (D:2)
  A water moccasin (D:6)
  A black bear (D:6)
  A phantom (D:6)
  A kobold brigand (D:6)
  A necrophage (D:5)
  A gnoll sergeant (D:5)
  A scorpion (D:5)
  2 wights (D:6)
  A howler monkey (D:6)
  4 hounds
  3 orc priests
  Natasha (thrice) (D:2)
  An iguana (D:5)
  An orc wizard (D:4)
  5 gnolls (D:5)
  2 adders
  A shadow imp (D:7)
  An ufetubus (D:3)
  A worm (D:2)
  4 dart slugs
  13 orcs
  9 ball pythons
  2 bats
  9 endoplasms
  2 giant cockroaches
  5 goblins
  12 hobgoblins
  5 jackals
  8 quokkas
  6 frilled lizards
  10 kobolds
  3 rats
121 creatures vanquished.

Vanquished Creatures (collateral kills)
  A wight (D:6)
  An orc (D:6)
2 creatures vanquished.

Vanquished Creatures (others)
  A scorpion (D:6)
  3 plants (D:2)
4 creatures vanquished.

Grand Total: 127 creatures vanquished

Notes
Turn   | Place    | Note
-------+----------+-------------------------------------------
     0 | D:1      | M4edhros the Octopode Artificer began the quest for the
                  | Orb.
     0 | D:1      | Reached XP level 1. HP: 13/13 MP: 1/1
   150 | D:2      | Reached XP level 2. HP: 17/18 MP: 2/2
   162 | D:2      | Noticed Natasha
   172 | D:2      | Killed Natasha
   173 | D:2      | Reached skill level 2 in Stealth
   173 | D:2      | Reached skill level 1 in Unarmed Combat
   173 | D:2      | Reached XP level 3. HP: 5/23 MP: 3/3
   494 | D:4      | Found a staircase to the Ecumenical Temple.
   525 | Temple   | Entered the Ecumenical Temple
   731 | D:4      | You fall into a shaft and drop 2 floors!
   733 | D:6      | Noticed a phantom
   750 | D:6      | Noticed a scorpion
   754 | D:6      | Noticed a wight
   756 | D:6      | Noticed a wight
   756 | D:6      | Noticed a wight
   763 | D:6      | Killed a wight
   764 | D:6      | Reached XP level 4. HP: 29/29 MP: 4/4
   767 | D:6      | Reached XP level 5. HP: 23/34 MP: 5/5
   769 | D:6      | Reached skill level 3 in Stealth
   773 | D:6      | Reached XP level 6. HP: 29/41 MP: 6/6
   776 | D:6      | Noticed a water moccasin
   847 | D:6      | Killed a water moccasin
   848 | D:6      | Reached skill level 1 in Short Blades
   848 | D:6      | Reached skill level 4 in Stealth
   853 | D:6      | Noticed a black bear
  1039 | D:6      | Killed a black bear
  1040 | D:6      | Reached XP level 7. HP: 22/45 MP: 7/7
  1214 | D:5      | Entered Level 5 of the Dungeon
  1282 | D:5      | Found a bloodstained altar of Trog.
  1287 | D:5      | Found a shadowy altar of Dithmenos.
  1301 | D:5      | Reached skill level 5 in Stealth
  2277 | D:4      | Reached skill level 6 in Stealth
  2277 | D:4      | Reached XP level 8. HP: 46/52 MP: 8/8
  2285 | D:4      | Reached skill level 1 in Polearms
  2285 | D:4      | Reached skill level 5 in Evocations
  2613 | D:4      | Found a glowing golden altar of the Shining One.
  3101 | D:3      | Found a sacrificial altar of Ru.
  3489 | D:2      | Noticed Natasha
  3498 | D:2      | Killed Natasha
  3540 | D:2      | Noticed Sigmund
  3800 | D:1      | Learned a level 3 spell: Mephitic Cloud
  3817 | D:1      | Learned a level 4 spell: Olgreb's Toxic Radiance
  4490 | D:2      | Killed Sigmund
  4491 | D:2      | Reached skill level 1 in Poison Magic
  4594 | D:2      | Noticed Natasha
  4599 | D:2      | Killed Natasha
  5016 | D:6      | Found an opulent altar of Gozag.
  5267 | D:6      | Slain by a necrophage

Illustrated notes

Levels and vault maps discovered:
D:1:      amcnicky_arrival_underground_garden, layout_basic, st_stairs_4,
          minmay_misc_feat_roman, minmay_indecisive_spiral
D:2:      layout_basic, lexackson_kobold_supper, uniq_natasha, uniq_sigmund
D:3:      layout_basic, general_overflow_altar
D:4:      layout_loops_cross, nicolae_tso_carved_into_rock,
          minmay_temple_entry_mini_moons
D:5:      layout_loops_ring, mainiacjoe_overflow_big_doors, nicolae_titane
D:6:      layout_cave_pools, mainiacjoe_overflow_alcove_2
D:7:      layout_cave_pools, mainiacjoe_overflow_catwalk,
          nicolae_alphabet_shops, uniq_crazy_yiuf_cottage
Temple:   nicolae_temple_bog_church

Skill      XL: |  1  2  3  4  5  6  7  8 |
---------------+-------------------------+-----
Stealth        | 2 3 4 6 |  6.2
Unarmed Combat | 1 2 3 |  3.1
Fighting       | 2 3 |  3.5
Dodging        | 3 4 |  4.1
Evocations     | 4 5 |  5.0
Short Blades   | 1 3 |  3.0
Polearms       | 4 |  4.3
Poison Magic   | 2 |  2.9

Action                   |  1- 3 |  4- 6 |  7- 9 || total
-------------------------+-------+-------+-------++-------
Melee: Unarmed           |    46 |     5 |       ||    51
       Constrict         |    12 |     5 |    42 ||    59
       Tentacles         |     9 |     8 |    42 ||    59
       Punch             |     1 |     1 |     5 ||     7
       Dagger            |       |    20 |    48 ||    68
       Trident           |       |       |   178 ||   178
Evoke: Wand              |     7 |     7 |     4 ||    18
  Use: Potion            |       |       |     5 ||     5
 Stab: Sleeping          |     3 |       |    20 ||    23
Armor: Skin              |       |     6 |    39 ||    45
Dodge: Dodged            |    23 |    23 |   158 ||   204

Table legend: (Time is in decaauts)
 A = Elapsed time spent in this place.
 B = Non-inter-level travel time spent in this place.
 C = Inter-level travel time spent in this place.
 D = Time resting spent in this place.
 E = Time spent auto-exploring this place.
 F = Levels seen in this place.
 G = Mean time per level.
                   A        B        C        D        E       F      G
               +--------+--------+--------+--------+--------+-----+--------+
         Total |   5305 |   4984 |    321 |    266 |   3616 |   8 |  663.1 |
       Dungeon |   5150 |   4845 |    305 |    266 |   3562 |   7 |  735.7 |
        Temple |    154 |    138 |     16 |      0 |     54 |   1 |  154.0 |
               +--------+--------+--------+--------+--------+-----+--------+

Top non-repeatable levels by time:
     D:1: 970 daAuts
     D:4: 969 daAuts
     D:6: 953 daAuts
     D:5: 905 daAuts
     D:3: 712 daAuts
     D:2: 622 daAuts
  Temple: 154 daAuts
     D:7: 17 daAuts
